 Dungeon Crawl Stone Soup version 0.30.1-11-g7821555f0a (webtiles) character file.

Game seed: 14538512825701664714

490 eliilek the Shield-Bearer (level 6, -9/53 (56) HPs)
             Began as a Minotaur Fighter on Nov 26, 2023.
             Was a Follower of Dithmenos.
             Mangled by Duvessa
             ... wielding a +0 short sword of venom
              (16 damage)
             ... on level 4 of the Dungeon.
             The game lasted 00:05:08 (2117 turns).

eliilek the Shield-Bearer (Minotaur Fighter)        Turns: 2117, Time: 00:05:09

HP:   -9/53 (56)    AC:  7    Str: 23    XL:     6   Next: 90%
MP:   5/5           EV:  9    Int:  5    God:    Dithmenos [*.....]
Gold: 98            SH:  5    Dex:  9    Spells: 5/5 levels left

rFire   . . .        a - +2 hand axe (drain)
rCold   . . .        c - +0 buckler
rNeg    . . .        b - +0 scale mail
rPois   .            (helmet restricted)
rElec   .            (no cloak)
rCorr   .            (no gloves)
SInv    .            (no boots)
Will    .....        l - amulet of the acrobat Stlth
                     (no ring)
HPRegen 0.28/turn    (no ring)
MPRegen 0.09/turn

%: acrobat
@: lethally poisoned (-9 -> -45), wreathed by umbra, drained
A: horns 2, retaliatory headbutt
a: Renounce Religion


You were on level 4 of the Dungeon.
You worshipped Dithmenos.
Dithmenos was aware of your devotion.
You visited 1 branch of the dungeon, and saw 4 of its levels.

You collected 98 gold pieces.

Inventory:

Hand Weapons
 a - a +2 hand axe of draining (weapon)
Armour
 b - a +0 scale mail (worn)
 c - a +0 buckler (worn)
Jewellery
 l - an amulet of the acrobat (around neck)
Wands
 d - a wand of flame (17)
Scrolls
 e - a scroll of identify
 h - a scroll of torment {unknown}
 j - a scroll of magic mapping
 k - a scroll of fear {unknown}
 m - a scroll of teleportation {unknown}
Potions
 f - a potion of flight {unknown}
 g - a potion of haste {unknown}
 i - 2 potions of mutation {unknown}


   Skills:
 + Level 5.3 Fighting
 * Level 4.5(4.9) Axes
 - Level 2.4(3.8) Maces & Flails
 + Level 5.6 Armour
 + Level 5.6 Shields


You had 5 spell levels left.
You didn't know any spells.
Your spell library contained the following spells:

 Spells                   Type           Power      Damage    Failure   Level
 Apportation              Tloc           0%         N/A       83%         1
 Necrotise                Necr           0%         1d4       83%         1
 Shock                    Conj/Air       0%         1d3       83%         1
 Summon Small Mammal      Summ           0%         N/A       83%         1
 Cigotuvi's Dreadful Rot  Necr/Pois/Air  0%         N/A       92%         2
 Call Canine Familiar     Summ           0%         N/A       99%         3
 Ignite Poison            Fire/Tmut/Pois 0%         N/A       99%         3
 Summon Guardian Golem    Hex/Summ       0%         N/A       99%         3
 Swiftness                Air            0%         N/A       99%         3
 Airstrike                Air            0%         2d(0-16)  100%        4
 Freezing Cloud           Conj/Ice/Air   0%         6-21      100%        5


Dungeon Overview and Level Annotations

Branches:
Dungeon (4/15)
 Temple: D:4-7

Altars:
Dithmenos

Shops:
D:1 (   D:4 !

Annotations:
D:4 Duvessa


Innate Abilities, Weirdness & Mutations

You have a pair of horns on your head.
You reflexively headbutt those who attack you in melee.


Message History

You hit Dowan but do no damage. You drain Dowan. You headbutt Dowan!
Dowan is almost dead.
Dowan hits you but does no damage.
You feel drained.
You hit Dowan. You drain Dowan.
You kill Dowan!
Dithmenos accepts your kill.
You hear a distant scream of rage.
Found a stone staircase leading down.
An adder comes into view.
Things that are here:
a +0 dagger of draining; a +0 robe
Found a leather armour.
The adder hisses angrily.
You hit the adder. You drain the adder.
The adder is heavily wounded.
The adder closely misses you. The adder completely misses you.
You closely miss the adder.
The adder is heavily wounded.
The adder closely misses you.
You closely miss the adder.
The adder is heavily wounded.
You block the adder's attack. The adder closely misses you.
You furiously retaliate!
You headbutt the adder.
You kill the adder!
Dithmenos accepts your kill.
Duvessa, Sister of Dowan comes into view.
She is wielding a +0 short sword of venom.
Duvessa goes berserk!
An adder comes into view.
The adder hisses angrily.
Found 18 gold pieces.
Duvessa closely misses you.
You closely miss Duvessa. Duvessa barely misses you.
Duvessa hits you with a +0 short sword of venom!
You are poisoned.
You closely miss Duvessa.
You feel very sick.
Duvessa hits you with a +0 short sword of venom!!
* * * LOW HITPOINT WARNING * * *
You are more poisoned.
Duvessa hits you with a +0 short sword of venom!
You die...

*,,,+**+,*,_,*,+**+,,***
*****,***,,*,*$.,*,*,,*,,,,*
,,,,,,,**,,*,+..,+,*,,*,,,,****
,,,,,,,,+,,+###'***+,,+,,,,,,,*
,,,,,,***,,*,...,,,*,,*,,,,,,,*
,,,,,,* *..*,,..,,,*,,*,,,,,,,*
,,,,,,***##'#*#S###+###..,,,,,* *
,,,,,,,,,.....#.e........,,...* *
************#...@#****#.#*....* *
* ####.######.#*....***
*#........##.##.#.#**,
***#.....###.#.....#.###, ***
*........#..........[..,, ,,***
*.###....#.###.....#.###*
*,,,*****,**#......###..........,
,**,,,,,,,,..............!......,
,******,,,###....#####...†......,


You could see Duvessa (berserk) and an adder.

Vanquished Creatures
  Grinder (D:3)
  A scorpion (D:3)
  Dowan (D:4)
  An orc priest (D:4)
  Terence (D:3)
  2 adders (D:4)
  An ufetubus (D:4)
  2 dart slugs
  9 orcs
  4 endoplasms
  5 giant cockroaches
  8 goblins
  7 hobgoblins
  13 jackals
  4 quokkas
  A ball python (D:2)
  3 bats (D:1)
  A frilled lizard (D:1)
  A kobold (D:4)
  7 rats (D:1)
73 creatures vanquished.

Notes
Turn   | Place    | Note
-------+----------+-------------------------------------------
     0 | D:1      | eliilek the Minotaur Fighter began the quest for the Orb.
     0 | D:1      | Reached XP level 1. HP: 19/19 MP: 0/0
    86 | D:1      | Reached XP level 2. HP: 25/27 MP: 1/1
    93 | D:1      | Found a faded altar of an unknown god.
   233 | D:1      | Found Ciheob's Weapon Emporium.
   502 | D:1      | Reached XP level 3. HP: 33/33 MP: 2/2
  1218 | D:2      | Found a shadowy altar of Dithmenos.
  1229 | D:2      | Became a worshipper of Dithmenos the Shadowed
  1513 | D:3      | Noticed a scorpion
  1514 | D:3      | Noticed Grinder
  1516 | D:3      | Reached skill level 1 in Axes
  1517 | D:3      | Reached XP level 4. HP: 37/40 MP: 3/3
  1517 | D:3      | Paralysed by Grinder for 5 turns
  1519 | D:3      | Noticed Terence
  1522 | D:3      | Killed a scorpion
  1525 | D:3      | Killed Grinder
  1526 | D:3      | Reached skill level 5 in Fighting
  1526 | D:3      | Reached skill level 5 in Armour
  1526 | D:3      | Reached skill level 5 in Shields
  1526 | D:3      | Reached XP level 5. HP: 23/48 MP: 4/4
  1526 | D:3      | Reached XP level 6. HP: 27/56 MP: 5/5
  1527 | D:3      | Killed Terence
  2084 | D:4      | Found Samocovu's Distillery.
  2089 | D:4      | Reached * piety under Dithmenos
  2091 | D:4      | Noticed Dowan
  2097 | D:4      | Killed Dowan
  2113 | D:4      | Noticed Duvessa
  2117 | D:4      | Mangled by Duvessa

Illustrated notes

Levels and vault maps discovered:
D:1:      onia_arrival_mini_maze, layout_loops_corners,
          hellmonk_ecumenical_altar_dog_temple, serial_shops, shop
D:2:      layout_rooms, basic_altar
D:3:      layout_rooms, uniq_grinder, uniq_terence
D:4:      layout_rooms, mainiacjoe_overflow_24_doors, serial_shops,
          kennysheep_mini_moat, portal_sewer_entry_e, uniq_duvessa

Skill      XL: |  1  2  3  4  5  6 |
---------------+-------------------+-----
Armour         | 4 5 |  5.6
Shields        | 4 5 |  5.6
Fighting       | 4 5 |  5.3
Axes           | 1 3 4 |  4.5
Maces & Flails | |  2.4

Action                     |  1- 3 |  4- 6 || total
---------------------------+-------+-------++-------
  Melee: Flail             |    74 |       ||    74
         Headbutt          |     6 |     8 ||    14
         Hand axe          |    19 |    40 ||    59
    Use: Potion            |       |     1 ||     1
         Scroll            |       |     2 ||     2
 Armour: Scale mail        |    48 |    10 ||    58
  Dodge: Dodged            |    35 |    32 ||    67
  Block: Buckler           |    24 |     5 ||    29
